Map: Heavy Artillery LE

Players

Saimon

  • Race: Protoss Protoss
  • Spawn Location: 7:00

Воронин

  • Race: Terran Terran
  • League: Platinum
  • Spawn Location: 7:00

Massa - Winner!

  • Race: Terran Terran
  • League: Gold
  • Spawn Location: 3:00

qqq - Winner!

  • Race: Zerg Zerg
  • League: Platinum
  • Spawn Location: 1:00

VOD

Have the link to the VOD?

Description

Time

  • Played on: May 30, 2020, 8:07 a.m.
  • Length: 5:53
Show
View Real Time Build Order
Export as new Build Order

Saimon Protoss 

Build Orders:  

Get SALT Encoding   

  12  0:02  Probe (Chrono Boost)  
  13  0:11  Probe (Chrono Boost)  
  14  0:16  Probe (Chrono Boost)  
  15  0:23  Pylon  
  15  0:41  Probe  
  15  0:42  Gateway  
  16  0:53  Probe  
  17  1:04  Pylon, Assimilator  
  17  1:05  Probe (Chrono Boost)  
  18  1:17  Probe (Chrono Boost)  
  19  1:26  Assimilator  
  19  1:30  Gateway  
  19  1:32  Gateway  
  19  1:40  Cybernetics Core  
  19  1:45  Probe  
  20  1:54  Zealot  
  22  2:02  Probe  
  23  2:08  Pylon  
  23  2:14  Probe  
  24  2:18  Zealot  
  24  2:21  Stalker  
  28  2:26  Probe  
  29  2:31  Zealot (Chrono Boost)  
  29  2:34  Warp Gate  
  31  2:56  Zealot (Chrono Boost)  
  37  3:06  Stalker (Chrono Boost)  
  37  3:07  Stalker (Chrono Boost)  
  37  3:16  Stargate  
  33  3:45  Sentry  
  33  3:46  Stalker  
  29  4:32  Void Ray  
  29  4:35  Stalker x2  
  33  4:51  Stalker  
  35  4:57  Nexus  
  35  5:08  Stalker x2  
  35  5:09  Nexus  
  39  5:28  Pylon  
  27  5:44  Stalker x2  
Show
View Real Time Build Order
Export as new Build Order

Воронин Terran 

Build Orders:  

Get SALT Encoding   

  12  0:01  SCV  
  13  0:13  SCV  
  14  0:18  Supply Depot  
  14  0:25  SCV  
  15  0:40  SCV  
  16  0:48  Refinery  
  16  1:07  SCV  
  17  1:19  SCV, Barracks  
  17  1:20  Barracks  
  18  1:31  SCV  
  19  1:44  SCV  
  20  1:56  SCV  
  21  2:08  Barracks Reactor x2, SCV  
  22  2:10  Barracks  
  22  2:18  Supply Depot  
  22  2:20  SCV  
  23  2:36  Command Center  
  23  2:46  Marine x4  
  27  2:58  Barracks Reactor  
  27  3:03  Marine  
  27  3:04  SCV, Marine  
  30  3:07  Refinery  
  30  3:12  Marine  
  31  3:46  Marine  
  31  3:48  Marine x3  
  31  3:58  Marine  
  31  3:59  Marine  
  33  4:04  Marine  
  33  4:05  Marine x2  
  33  4:06  Marine  
  36  4:16  Marine x2  
  36  4:22  Marine  
  36  4:23  Marine x3  
  40  4:31  SCV  
  40  4:34  Marine x2  
  43  4:39  Marine  
  43  4:41  Marine x2  
  43  4:43  SCV  
  35  4:53  Orbital Command  
  35  4:55  SCV  
  33  5:08  SCV  
  33  5:12  Factory  
  34  5:20  Orbital Command  
  34  5:24  Refinery  
  34  5:26  Refinery  
  34  5:27  SCV  
  34  5:39  SCV  
Show
View Real Time Build Order
Export as new Build Order

Massa Terran - Winner!

Build Orders:  

Get SALT Encoding   

  12  0:10  SCV  
  13  0:19  Supply Depot  
  13  0:23  SCV  
  14  0:37  SCV  
  15  0:42  Barracks  
  15  0:47  Refinery  
  15  0:49  SCV  
  16  1:05  SCV  
  17  1:17  SCV  
  18  1:29  SCV  
  19  1:39  Refinery  
  19  1:41  SCV  
  20  1:49  Marine  
  21  1:56  Barracks  
  22  2:10  Factory  
  22  2:11  SCV  
  22  2:23  SCV  
  22  2:26  Barracks Tech Lab  
  23  2:41  Supply Depot  
  23  2:43  Orbital Command  
  23  2:47  Supply Depot  
  23  2:50  Supply Depot  
  23  2:57  Factory Tech Lab  
  23  3:03  Marauder  
  25  3:07  Engineering Bay  
  25  3:20  Siege Tank  
  25  3:24  Marauder  
  30  3:28  Supply Depot  
  27  3:37  Marine  
  28  3:55  Marine  
  28  3:57  Marauder  
  28  3:59  Siege Tank  
  31  4:13  Marine  
  32  4:18  Marauder  
  33  4:26  SCV  
  33  4:31  Marine  
  35  4:49  Marine  
  36  5:02  Marauder  
  36  5:07  Marine  
  39  5:22  Barracks  
  39  5:23  Marauder  
  39  5:24  Bunker, Marine, Factory  
Show
View Real Time Build Order
Export as new Build Order

qqq Zerg - Winner!

Build Orders: Hatch First 

Get SALT Encoding   

  12  0:02  Drone  
  13  0:10  Drone  
  14  0:34  Hatchery  
  13  0:52  Spawning Pool  
  12  0:58  Overlord  
  12  1:03  Drone  
  13  1:07  Drone  
  13  1:09  Extractor  
  13  1:16  Drone  
  15  1:25  Drone  
  15  1:38  Drone  
  16  1:40  Queen  
  18  1:57  Roach Warren  
  17  2:01  Drone x2  
  17  2:04  Drone  
  17  2:07  Drone  
  21  2:12  Drone  
  21  2:15  Drone  
  23  2:20  Drone  
  24  2:28  Overlord  
  24  2:38  Roach  
  24  2:39  Roach  
  24  2:42  Overlord  
  28  2:50  Roach  
  30  2:54  Roach  
  30  2:55  Roach  
  34  3:02  Overlord  
  34  3:07  Zergling x2  
  34  3:11  Pneumatized Carapace  
  35  3:15  Zergling x2  
  35  3:19  Drone  
  37  3:20  Roach  
  37  3:25  Roach  
  41  3:27  Drone  
  37  3:49  Roach x3  
  40  4:04  Roach x2  
  40  4:13  Roach  
  40  4:15  Drone x3  
  43  4:24  Extractor, Roach  
  40  4:26  Spine Crawler  
  40  4:30  Roach  
  43  4:33  Queen  
  43  4:51  Roach x2  
  43  4:52  Drone x2  
  49  5:03  Roach  
  49  5:05  Drone  
  52  5:12  Overlord x2  
  52  5:13  Overlord  
Tags
 
Add a new tag
Caveats
  • Supply blocks, unpowered buildings, or Contaminate may cause inaccurate times.
  • Supply counts are checked every 10 seconds.